3A
HIGHWOOD HAWKS @ GALESBURG GUZZLERS
09/03/2027
 
TOP OF THE 1ST
Highwood Hawks batting - Pitching for Galesburg Guzzlers : RHP César Albó
Pitching: RHP César Albó
Batting: RHB Luis Díaz 0-0: Called Strike
0-1: Foul Ball, location: 2F
0-2: Ball
1-2: SINGLE (Line Drive, 89S)
Batting: RHB Tabor de Maria 0-0: Foul Ball, location: 2F
0-1: Ball
1-1: Ball
2-1: Foul Ball, location: 2F
2-2: SINGLE (Line Drive, 6M)
Luis Díaz to second
Batting: RHB Tevin McTevin 0-0: Called Strike
0-1: Ball
1-1: Ball
2-1: Fielders Choice at 2nd, 6-4 (Groundball, 6)
Luis Díaz to third
Batting: RHB Lane McCool 0-0: Ball
1-0: Swinging Strike
1-1: Grounds into double play, 6-4-3 (Groundball, 6)
Top of the 1st over - 0 run(s), 2 hit(s), 0 error(s), 1 left on base; Highwood 0 - Galesburg 0
BOTTOM OF THE 1ST
Galesburg Guzzlers batting - Pitching for Highwood Hawks : RHP Blaine Stottlar
Pitching: RHP Blaine Stottlar
Batting: RHB Eun-bum Kim 0-0: Called Strike
0-1: Ball
1-1: Foul Ball, location: 2F
1-2: Ball
2-2: Fly out, F8 (Flyball, 78M)
Batting: RHB Mike Mays 0-0: Ball
1-0: Ball
2-0: Ball
3-0: Called Strike
3-1: Base on Balls
Batting: LHB Armando Rodríguez 0-0: Called Strike
0-1: Foul Ball, location: 2F
0-2: Ball
1-2: Foul Ball, location: 2F
1-2: Strikes out swinging
Mike Mays is caught stealing 2nd base
Batter strikes out.
Bottom of the 1st over - 0 run(s), 0 hit(s), 0 error(s), 0 left on base; Highwood 0 - Galesburg 0
TOP OF THE 2ND
Highwood Hawks batting - Pitching for Galesburg Guzzlers : RHP César Albó
Batting: RHB Stephen McManus 0-0: Foul Ball, location: 2F
0-1: Swinging Strike
0-2: Ball
1-2: SINGLE (Flyball, 89S)
Batting: LHB Jaime Aguilar 0-0: Ball
1-0: Called Strike
1-1: Ball
2-1: Foul Ball, location: 2F
2-2: Foul Ball, location: 2F
2-2: Ball
3-2: Fly out, F5 (Popup, 5S)
Batting: RHB Ray Covalt 0-0: Ball
1-0: Called Strike
1-1: Ball
2-1: SINGLE (Groundball, 6D)
Stephen McManus to second
Batting: SHB Iikka Karpinen 0-0: Ball
1-0: Foul Ball, location: 2F
1-1: Ball
2-1: Foul Ball, location: 2F
2-2: Ball
3-2: SINGLE (Line Drive, 4M)
Stephen McManus to third
Ray Covalt to second
Runner from 3rd tries for Home, SAFE, no throw
Batting: LHB Carlos Medellín 0-0: Foul Ball, location: 2F
0-1: Ground out 4-3 (Groundball, 4M)
Ray Covalt to third
Iikka Karpinen to second
Batting: RHB Luis Díaz 0-0: Ball
1-0: Foul Ball, location: 2F
1-1: Foul Ball, location: 2F
1-2: SINGLE (Groundball, 34D)
Ray Covalt scores
Iikka Karpinen to third
Runner from 3rd tries for Home, SAFE, no throw
Batting: RHB Tabor de Maria 0-0: Ball
Luis Díaz is caught stealing 2nd base
Top of the 2nd over - 3 run(s), 4 hit(s), 0 error(s), 0 left on base; Highwood 3 - Galesburg 0
BOTTOM OF THE 2ND
Galesburg Guzzlers batting - Pitching for Highwood Hawks : RHP Blaine Stottlar
Batting: RHB Toussiant L'Ouverture 0-0: Called Strike
0-1: Foul Ball, location: 2F
0-2: Ball
1-2: Fly out, F8 (Flyball, 8RD)
Batting: LHB Paolo van Ginderen 0-0: Ball
1-0: Ball
2-0: Ball
3-0: Called Strike
3-1: Swinging Strike
3-2: SINGLE (Line Drive, 6D)
Batting: RHB José Díaz 0-0: Ball
1-0: Ball
2-0: Called Strike
2-1: Foul Ball, location: 2F
2-2: Ball
3-2: Foul Ball, location: 2F
3-2: Foul Ball, location: 2F
3-2: Base on Balls
Paolo van Ginderen to second
Batting: RHB Jack Cantrell 0-0: Called Strike
0-1: Foul Ball, location: 2F
0-2: Ball
1-2: Ball
2-2: Strikes out swinging
Batting: RHB Sébastien Bernard 0-0: Ball
1-0: Foul Ball, location: 2F
1-1: Ball
2-1: Ball
3-1: Base on Balls
Paolo van Ginderen to third
José Díaz to second
Batting: LHB Marshall Willis 0-0: Swinging Strike
0-1: Ball
1-1: Swinging Strike
1-2: Strikes out looking
Bottom of the 2nd over - 0 run(s), 1 hit(s), 0 error(s), 3 left on base; Highwood 3 - Galesburg 0
TOP OF THE 3RD
Highwood Hawks batting - Pitching for Galesburg Guzzlers : RHP César Albó
Batting: RHB Tabor de Maria 0-0: Foul Ball, location: 2F
0-1: Ground out 6-3 (Groundball, 6)
Batting: RHB Tevin McTevin 0-0: Called Strike
0-1: Ball
1-1: Ball
2-1: Foul Ball, location: 2F
2-2: Foul Ball, location: 2F
2-2: Foul Ball, location: 2F
2-2: Fly out, F8 (Flyball, 8RM)
Batting: RHB Lane McCool 0-0: DOUBLE (Flyball, 8LXD)
Batting: RHB Stephen McManus 0-0: Called Strike
0-1: Foul Ball, location: 2F
0-2: Ball
Wild Pitch!
Lane McCool to third
1-2: Foul Ball, location: 2F
1-2: Ball
2-2: Ground out 1-3 (Groundball, 13)
Top of the 3rd over - 0 run(s), 1 hit(s), 0 error(s), 1 left on base; Highwood 3 - Galesburg 0
BOTTOM OF THE 3RD
Galesburg Guzzlers batting - Pitching for Highwood Hawks : RHP Blaine Stottlar
Batting: RHB Eun-bum Kim 0-0: Swinging Strike
0-1: Foul Ball, location: 2F
0-2: Strikes out swinging, 2-3 out at first.
Batting: RHB Mike Mays 0-0: Swinging Strike
0-1: Ball
1-1: Ball
2-1: Swinging Strike
2-2: Strikes out swinging
Batting: LHB Armando Rodríguez 0-0: Called Strike
0-1: Foul Ball, location: 2F
0-2: Foul Ball, location: 2F
0-2: Fly out, F7 (Flyball, 7)
Bottom of the 3rd over - 0 run(s), 0 hit(s), 0 error(s), 0 left on base; Highwood 3 - Galesburg 0
TOP OF THE 4TH
Highwood Hawks batting - Pitching for Galesburg Guzzlers : RHP César Albó
Batting: LHB Jaime Aguilar 0-0: Ball
1-0: Ball
2-0: DOUBLE (Groundball, 3L)
Batting: RHB Ray Covalt 0-0: Called Strike
0-1: Foul Ball, location: 2F
0-2: Strikes out swinging
Batting: SHB Iikka Karpinen 0-0: Ball
1-0: Called Strike
1-1: Swinging Strike
1-2: SINGLE (Line Drive, 4D)
Jaime Aguilar to third
Batting: LHB Carlos Medellín 0-0: Swinging Strike
0-1: Ball
1-1: Ground out U3 (Groundball, 34S)
Jaime Aguilar scores
Iikka Karpinen to second
Batting: RHB Luis Díaz 0-0: Foul Ball, location: 2F
0-1: Foul Ball, location: 2F
0-2: Foul Ball, location: 2F
0-2: Strikes out swinging
Top of the 4th over - 1 run(s), 2 hit(s), 0 error(s), 1 left on base; Highwood 4 - Galesburg 0
BOTTOM OF THE 4TH
Galesburg Guzzlers batting - Pitching for Highwood Hawks : RHP Blaine Stottlar
Batting: RHB Toussiant L'Ouverture 0-0: Ball
1-0: Fly out, F2 (Popup, 25)
Batting: LHB Paolo van Ginderen 0-0: Called Strike
0-1: Ground out 6-3 (Groundball, 6)
Batting: RHB José Díaz 0-0: Ball
1-0: Swinging Strike
1-1: Ball
2-1: Fly out, F9 (Flyball, 9S)
Bottom of the 4th over - 0 run(s), 0 hit(s), 0 error(s), 0 left on base; Highwood 4 - Galesburg 0
TOP OF THE 5TH
Highwood Hawks batting - Pitching for Galesburg Guzzlers : RHP César Albó
Batting: RHB Tabor de Maria 0-0: Ball
1-0: Swinging Strike
1-1: Foul Ball, location: 2F
1-2: Foul Ball, location: 2F
1-2: Ball
2-2: Ball
3-2: Strikes out swinging
Batting: RHB Tevin McTevin 0-0: Fly out, F8 (Flyball, 8RM)
Batting: RHB Lane McCool 0-0: Called Strike
0-1: Ball
1-1: Foul Ball, location: 2F
1-2: Ball
2-2: Ball
3-2: Base on Balls
Batting: RHB Stephen McManus 0-0: Called Strike
0-1: Foul Ball, location: 2F
0-2: Strikes out looking
Top of the 5th over - 0 run(s), 0 hit(s), 0 error(s), 1 left on base; Highwood 4 - Galesburg 0
BOTTOM OF THE 5TH
Galesburg Guzzlers batting - Pitching for Highwood Hawks : RHP Blaine Stottlar
Batting: RHB Jack Cantrell 0-0: Ball
1-0: Foul Ball, location: 2F
1-1: DOUBLE (Groundball, 5L)
Batting: RHB Sébastien Bernard 0-0: Called Strike
0-1: Ball
1-1: Foul Ball, location: 2F
1-2: Strikes out swinging
Batting: LHB Marshall Willis 0-0: Ball
1-0: Foul Ball, location: 2F
1-1: Ball
2-1: Fly out, F9 (Flyball, 9LS)
Batting: RHB Eun-bum Kim 0-0: Ball
1-0: Fly out, F9 (Line Drive, 9)
Bottom of the 5th over - 0 run(s), 1 hit(s), 0 error(s), 1 left on base; Highwood 4 - Galesburg 0
TOP OF THE 6TH
Highwood Hawks batting - Pitching for Galesburg Guzzlers : RHP César Albó
Batting: LHB Jaime Aguilar 0-0: Ball
1-0: Foul Ball, location: 2F
1-1: Reached on error, E7 (Flyball, 7S)
Batting: RHB Ray Covalt 0-0: Ball
1-0: Foul Ball, location: 2F
1-1: Swinging Strike
1-2: Ball
2-2: Ball
3-2: Foul Ball, location: 2F
3-2: Strikes out swinging
Batting: SHB Iikka Karpinen 0-0: Ball
1-0: Fly out, F8 (Flyball, 78M)
Pitching: RHP Aubrey McCrimmon
Batting: LHB Carlos Medellín 0-0: Called Strike
Jaime Aguilar steals 2nd base
0-1: Ball
1-1: Ball
2-1: Ball
3-1: Foul Ball, location: 2F
3-2: Base on Balls
Batting: RHB Luis Díaz 0-0: Called Strike
0-1: Called Strike
0-2: Foul Ball, location: 2F
0-2: Strikes out swinging
Top of the 6th over - 0 run(s), 0 hit(s), 1 error(s), 2 left on base; Highwood 4 - Galesburg 0
BOTTOM OF THE 6TH
Galesburg Guzzlers batting - Pitching for Highwood Hawks : RHP Blaine Stottlar
Batting: RHB Mike Mays 0-0: Called Strike
0-1: Called Strike
0-2: Ball
1-2: Ball
2-2: Foul Ball, location: 2F
2-2: Foul Ball, location: 2F
2-2: Ball
3-2: Foul Ball, location: 2F
3-2: SINGLE (Groundball, 56D)
Batting: LHB Armando Rodríguez 0-0: Ball
1-0: Called Strike
1-1: Foul Ball, location: 2F
1-2: Ball
2-2: Foul Ball, location: 2F
2-2: Ball
3-2: Foul Ball, location: 2F
3-2: SINGLE (Line Drive, 34)
Mike Mays to second
Mike Mays to third
Batting: RHB Toussiant L'Ouverture 0-0: Called Strike
0-1: Ball
1-1: Called Strike
1-2: Ball
2-2: Strikes out swinging
Batting: LHB Paolo van Ginderen 0-0: Swinging Strike
0-1: Ball
1-1: Fielders Choice at 2nd, 4-6 (Groundball, 4)
Mike Mays scores
Batting: RHB José Díaz 0-0: Ball
1-0: Ball
2-0: Called Strike
2-1: Foul Ball, location: 2F
2-2: Ball
3-2: Foul Ball, location: 2F
3-2: Strikes out swinging
Bottom of the 6th over - 1 run(s), 2 hit(s), 0 error(s), 1 left on base; Highwood 4 - Galesburg 1
TOP OF THE 7TH
Highwood Hawks batting - Pitching for Galesburg Guzzlers : RHP Aubrey McCrimmon
Batting: RHB Tabor de Maria 0-0: Foul Ball, location: 2F
0-1: Ball
1-1: DOUBLE (Flyball, 9LM)
Batting: RHB Tevin McTevin 0-0: Called Strike
0-1: Ball
1-1: Ball
2-1: Called Strike
2-2: Strikes out looking
Batting: RHB Lane McCool 0-0: Swinging Strike
0-1: Called Strike
0-2: Strikes out looking
Batting: RHB Stephen McManus 0-0: Called Strike
0-1: Ball
1-1: Ball
2-1: Swinging Strike
2-2: Ball
3-2: Base on Balls
Batting: LHB Jaime Aguilar 0-0: Ball
1-0: Ground out U3 (Groundball, 3)
Top of the 7th over - 0 run(s), 1 hit(s), 0 error(s), 2 left on base; Highwood 4 - Galesburg 1
BOTTOM OF THE 7TH
Galesburg Guzzlers batting - Pitching for Highwood Hawks : RHP Blaine Stottlar
Batting: RHB Jack Cantrell 0-0: Reached on error, E5 (Groundball, 5L)
Batting: RHB Sébastien Bernard 0-0: Foul Ball, location: 2F
0-1: Grounds into double play, 6-4-3 (Groundball, 6)
Batting: LHB Marshall Willis 0-0: Called Strike
0-1: Called Strike
0-2: Ball
1-2: Strikes out looking
Bottom of the 7th over - 0 run(s), 0 hit(s), 1 error(s), 0 left on base; Highwood 4 - Galesburg 1
TOP OF THE 8TH
Highwood Hawks batting - Pitching for Galesburg Guzzlers : RHP Aubrey McCrimmon
Batting: RHB Ray Covalt 0-0: Foul Ball, location: 2F
0-1: Swinging Strike
0-2: Ball
1-2: Strikes out swinging
Batting: SHB Iikka Karpinen 0-0: Swinging Strike
0-1: Ball
1-1: Ground out U3 (Groundball, 34)
Batting: LHB Carlos Medellín 0-0: Ball
1-0: Ball
2-0: Ball
3-0: Base on Balls
Pitching: RHP Vicente Escamilla
Batting: RHB Luis Díaz 0-0: Called Strike
0-1: SINGLE (Groundball, 4MD)
Carlos Medellín to second
Runner from 2nd tries for 3rd, SAFE, no throw
Batting: RHB Tabor de Maria 0-0: Ball
1-0: Called Strike
1-1: Ball
2-1: Foul Ball, location: 2F
2-2: Fly out, F6 (Line Drive, 6M)
Top of the 8th over - 0 run(s), 1 hit(s), 0 error(s), 2 left on base; Highwood 4 - Galesburg 1
BOTTOM OF THE 8TH
Galesburg Guzzlers batting - Pitching for Highwood Hawks : RHP Blaine Stottlar
Pitching: LHP Aurelio Ornelas
Batting: RHB Eun-bum Kim 0-0: Swinging Strike
0-1: Called Strike
0-2: Strikes out swinging
Batting: RHB Mike Mays 0-0: Ball
1-0: Called Strike
1-1: Ball
2-1: SINGLE (Groundball, 56S) (infield hit)
Pitching: LHP Pedro Tavárez
Batting: LHB Armando Rodríguez 0-0: Called Strike
0-1: Fly out, F9 (Flyball, 9S)
Pitching: RHP Shigeko Sakoda
Batting: RHB Toussiant L'Ouverture 0-0: Called Strike
0-1: Ball
1-1: Ball
2-1: Fielders Choice at 2nd, 6-4 (Groundball, 56)
Bottom of the 8th over - 0 run(s), 1 hit(s), 0 error(s), 0 left on base; Highwood 4 - Galesburg 1
TOP OF THE 9TH
Highwood Hawks batting - Pitching for Galesburg Guzzlers : RHP Vicente Escamilla
Batting: RHB Tevin McTevin 0-0: SINGLE (Line Drive, 78S)
Batting: RHB Lane McCool 0-0: Ball
1-0: Called Strike
1-1: Fly out, F8 (Flyball, 8RS)
Batting: RHB Stephen McManus 0-0: Foul Ball, location: 2F
0-1: Ball
Wild Pitch!
Tevin McTevin to second
1-1: Ball
2-1: Ball
3-1: Base on Balls
Batting: LHB Jaime Aguilar 0-0: Swinging Strike
0-1: Ball
1-1: Swinging Strike
1-2: Strikes out swinging
Batting: RHB Ray Covalt 0-0: Swinging Strike
0-1: Ball
1-1: Foul Ball, location: 2F
1-2: Strikes out swinging
Top of the 9th over - 0 run(s), 1 hit(s), 0 error(s), 2 left on base; Highwood 4 - Galesburg 1
BOTTOM OF THE 9TH
Galesburg Guzzlers batting - Pitching for Highwood Hawks : RHP Shigeko Sakoda
Pitching: RHP José Barquero
Batting: LHB Paolo van Ginderen 0-0: Called Strike
0-1: Ball
1-1: Ground out 4-3 (Groundball, 4)
Batting: RHB José Díaz 0-0: Called Strike
0-1: Swinging Strike
0-2: Strikes out swinging
Batting: RHB Jack Cantrell 0-0: Swinging Strike
0-1: Foul Ball, location: 2F
0-2: Ball
1-2: Ball
2-2: Strikes out swinging
Bottom of the 9th over - 0 run(s), 0 hit(s), 0 error(s), 0 left on base; Highwood 4 - Galesburg 1
Saturday, May 26th, 2018 - OOTP Baseball 17.12 Build 75